 Dungeon Crawl Stone Soup version 0.32-a0-338-g4f8ebfe289 (webtiles) character file.

Game seed: 3974170729675385317

116838 Amplified the Gelid (level 15, -2/123 HPs)
             Began as a Demonspawn Wanderer on Feb 17, 2024.
             Was an Elder of Yredelemnul.
             Slain by a bone dragon (16 damage)
             ... on level 4 of the Abyss.
             The game lasted 01:17:21 (22976 turns).

Amplified the Gelid (Demonspawn Wanderer)          Turns: 22976, Time: 01:17:22

Health: -2/123     AC: 30    Str: 22    XL:     15   Next: 98%
Magic:  26/26      EV: 10    Int:  9    God:    Yredelemnul [****..]
Gold:   1559       SH: 13    Dex: 14    Spells: 9/14 levels left

rFire   + + .        j - +0 broad axe (flame)
rCold   . . .        i - +0 kite shield
rNeg    . . .        c - +4 plate armour {rF+}
rPois   .            (helmet unavailable)
rElec   +            h - +0 cloak
rCorr   +            f - +0 pair of gloves "Isil Qei" {rCorr Str+2}
SInv    +            s - +2 pair of boots {Fly}
Will    +....        x - amulet of regeneration Stlth
                     Q - +5 ring of evasion
HPRegen 1.20/turn    N - ring of the Vanishing Xalams {rElec rF+}
MPRegen 0.20/turn

%: no passive effects
@: ice-armoured, sanguine armoured, flying, wreathed by umbra, studying Ice
Magic
A: antennae 3, foul stench 2, sanguine armour 2, [dopey 1]
a: Renounce Religion, Light the Black Torch, Recall Undead Harvest, Hurl
Torchlight, Bind Soul


You were on level 4 of the Abyss.
You worshipped Yredelemnul.
Yredelemnul was pleased with you.
You visited 3 branches of the dungeon, and saw 22 of its levels.
You visited the Abyss 1 time.
You also visited: Sewer.

You collected 2244 gold pieces.
You spent 685 gold pieces at shops.

Inventory:

Hand Weapons
 j - a +0 broad axe of flaming (weapon)
 F - a +2 vampiric hand axe
Missiles
 d - 16 boomerangs (quivered)
 r - a curare-tipped dart
Armour
 c - a +4 plate armour of fire resistance (worn)
 f - the +0 pair of gloves "Isil Qei" (worn) {rCorr Str+2}
   (You acquired it on level 1 of the Dungeon)

   Str+2:     It affects your strength (+2).
   rCorr:     It protects you from acid and corrosion.
 h - a +0 cloak (worn)
 i - a +0 kite shield (worn)
 q - a +2 leather armour of poison resistance
 s - a +2 pair of boots of flying (worn)
 y - the +0 scale mail of the Valley {rC+ Str-3 Dex+3}
   (You found it on level 3 of the Abyss)

   Str-3:     It affects your strength (-3).
   Dex+3:     It affects your dexterity (+3).
   rC+:       It protects you from cold.
 S - a +0 buckler of poison resistance
Jewellery
 x - an amulet of regeneration (around neck)
 I - a ring of resist corrosion
 K - a ring of positive energy
 L - a ring of poison resistance
 M - a ring of positive energy
 N - the ring of the Vanishing Xalams (right hand) {rElec rF+}
   (You acquired it on level 12 of the Dungeon)

   [ring of protection from fire]

   rF+:       It protects you from fire.
   rElec:     It insulates you from electricity.
 P - a ring of fire
 Q - a +5 ring of evasion (left hand)
Wands
 C - a wand of quicksilver (4)
 G - a wand of charming (17)
 J - a wand of iceblast (7)
Scrolls
 b - 9 scrolls of identify
 g - a scroll of vulnerability
 o - 5 scrolls of silence
 p - 3 scrolls of brand weapon
 t - 3 scrolls of immolation
 z - 2 scrolls of amnesia
 B - 2 scrolls of noise
 H - 2 scrolls of poison
Potions
 a - 2 potions of attraction
 l - a potion of cancellation
 n - a potion of enlightenment
 v - a potion of lignification
 A - 4 potions of brilliance
Miscellaneous
 e - a lightning rod (4/4)
 k - a phial of floods


   Skills:
 - Level 13.0 Fighting
 * Level 12.5 Axes
 - Level 1.3 Throwing
 - Level 4.6 Armour
 - Level 14.4 Shields
 - Level 1.7 Unarmed Combat
 * Level 16.2 Ice Magic
 - Level 14.7 Invocations
 - Level 8.0 Evocations


You had 9 spell levels left.
You knew the following spells:

 Your Spells              Type           Power      Damage    Failure   Level
a - Ozocubu's Armour      Ice            29%        N/A       4%          3
b - Ensorcelled Hibernat  Hex/Ice        28%        N/A       56%         2

Your spell library contained the following spells:

 Spells                   Type           Power      Damage    Failure   Level
 Foxfire                  Conj/Fire      0%         2x1d4     100%        1
 Slow                     Hex            0%         N/A       100%        1
 Jinxbite                 Hex            0%         N/A       100%        2
 Confusing Touch          Hex            0%         N/A       100%        3
 Fugue of the Fallen      Necr           0%         N/A       100%        3
 Passwall                 Erth           0%         N/A       100%        3
 Sigil of Binding         Hex            0%         N/A       100%        3
 Swiftness                Air            0%         N/A       100%        3
 Vampiric Draining        Necr           0%         2d6       100%        3
 Ignite Poison            Fire/Alch      0%         N/A       100%        4
 Leda's Liquefaction      Alch/Erth      0%         N/A       100%        4
 Manifold Assault         Tloc           0%         N/A       100%        4
 Olgreb's Toxic Radiance  Alch           0%         N/A       100%        4
 Sticky Flame             Fire/Alch      0%         2d4       100%        4
 Vhi's Electric Charge    Tloc/Air       0%         N/A       100%        4
 Arcjolt                  Conj/Air       0%         1d10      100%        5
 Iskenderun's Battlesphe  Conj           0%         2d6       100%        5
 Lee's Rapid Deconstruct  Erth           0%         3d4*      100%        5
 Yara's Violent Unravell  Hex/Alch       0%         3d3       100%        5
 Bombard                  Conj/Erth      0%         9d1       100%        6
 Plasma Beam              Fire/Air       0%         2x1d10    100%        6
 Starburst                Conj/Fire      0%         6d3       100%        6
 Enfeeble                 Hex            0%         N/A       100%        7
 Haunt                    Necr/Summ      0%         N/A       100%        7
 Ozocubu's Refrigeration  Ice            14%        4d10      100%        7
 Spellforged Servitor     Conj/Summ      0%         N/A       100%        7
 Discord                  Hex            0%         N/A       100%        8
 Ignition                 Fire           0%         3d3       100%        8
 Infestation              Necr           0%         N/A       100%        8
 Animate Dead             Necr           Unusable   N/A       N/A         4

Dungeon Overview and Level Annotations

Branches:
Dungeon (15/15)            Temple (0/1) D:5            Lair (5/5) D:9
  Swamp (0/4) Lair:2        Snake (0/4) Lair:2        Slime (0/5) Lair:4
    Orc (2/2) D:11            Elf (0/3) Orc:2        Vaults (0/5) D:14
 Depths (0/4) D:15          Sewer (visited)

Altars:
Ashenzari
Gozag
Qazlal
Trog
Wu Jian
Yredelemnul
Beogh

Shops:
D:3 =   D:11 [   D:15 =   Orc:2 [(=:

Portals:
Trove: D:11 (give 13 potions of heal wounds)

Annotations:
D:3 Terence
Orc:1 Nergalle


Innate Abilities, Weirdness & Mutations

You have a pair of large antennae on your head. (SInv)
You sometimes emit foul miasma when damaged in melee.
When seriously injured, your blood forms thick armour. (AC +9)
[You are dopey. (Int -2)]


Message History

The bone dragon bites you but does no damage.
You block the bone dragon's attack. The bone dragon barely misses you.
The bone dragon bites you but does no damage.
The bone dragon claws you but does no damage.
You block the bone dragon's attack.
Unknown command.
You hit the bone dragon but do no damage.
The bone dragon is severely damaged.
The bone dragon bites you but does no damage.
The bone dragon claws you but does no damage.
You block the bone dragon's attack.
Unknown command.
Unknown command.
Unknown command.
Okay, then.
You barely miss the bone dragon.
The bone dragon is severely damaged.
The bone dragon bites you but does no damage.
You block the bone dragon's attack. The bone dragon tramples you!
* * * LOW HITPOINT WARNING * * *
You hold your ground!
Unknown command.
You hit the bone dragon. You burn the bone dragon.
The bone dragon is severely damaged.
The bone dragon bites you but does no damage.
You block the bone dragon's attack. The bone dragon tramples you.
* * * LOW HITPOINT WARNING * * *
You hold your ground!
Unknown command.
You hit the bone dragon. You burn the bone dragon.
The bone dragon is severely damaged.
The bone dragon bites you but does no damage.
The bone dragon misses you.
The bone dragon tramples you but does no damage.
Unknown command.
You hit the bone dragon but do no damage.
The bone dragon is severely damaged.
The bone dragon bites you!
You die...
Your body rises from the dead as a mindless zombie.

{ #.
. . #
###
..
##@#
#.
#D##{
# .
##{..
.
....
.#
#.##.
... .
. { #
..# .
.#
#{# #
# # #
. { .
# {#{
{. X
. ##
{ ##
# ..
.. .


You could see a bone dragon.

Vanquished Creatures
  2 very ugly things (Abyss:4)
  Josephine (Orc:1)
  A fire dragon (D:14)
  A yaktaur captain (D:13)
  2 hydras (Lair:4)
  An ogre mage (D:13)
  7 boulder beetles
  5 centaur warriors
  A tengu warrior (D:15)
  8 two-headed ogres
  10 death yaks
  An orc high priest (Orc:2)
  A hell knight (D:15)
  2 skysharks
  3 skeletal warriors (D:12)
  A deep troll (Lair:4)
  A shadow demon (Abyss:2)
  A lindwurm (Lair:5)
  A necromancer (D:15)
  A bog body (Lair:2)
  A deep elf pyromancer (D:15)
  2 orc sorcerers (Orc:2)
  3 ugly things
  3 manticores
  A moth of wrath (D:7)
  A cyclops (D:8)
  5 elephants
  2 kobold blastminers (Orc:2)
  A torpor snail (Lair:5)
  4 black mambas
  An eye of devastation (Lair:4)
  9 komodo dragons
  3 cane toads
  Maggie (Lair:1)
  5 rime drakes
  3 kobold demonologists (D:10)
  A tengu conjurer (D:15)
  A komodo dragon (shapeshifter) (D:15)
  5 polar bears
  3 trolls
  A hornet (D:8)
  A glass eye (Lair:3)
  3 dream sheep (Lair:5)
  A centaur simulacrum (D:14)
  2 water elementals (D:12)
  2 wraiths
  A shadow (D:8)
  4 wyverns
  2 basilisks
  43 yaks
  4 vampire mosquitoes (D:12)
  A steam dragon (D:8)
  A swamp worm (shapeshifter) (D:15)
  3 wargs (Orc:2)
  2 acid dragons
  A naga (Lair:2)
  2 small abominations
  7 water moccasins
  A sky beast (D:6)
  19 orc warriors
  6 ogres
  7 black bears
  15 wolves
  9 centaurs (D:15)
  2 kobold brigands
  2 brain worms (Sewer)
  10 bullfrogs
  3 scorpions
  2 wights (D:7)
  9 killer bees
  10 electric eels
  3 howler monkeys
  2 jellies
  A quasit (Abyss:2)
  2 hounds
  2 gnoll boudas
  11 orc priests
  Ijyb (D:5)
  Natasha (twice) (D:2)
  3 iguanas
  11 orc wizards
  3 hell rats (Lair:3)
  Robin (D:3)
  7 gnolls
  10 adders
  6 river rats
  2 shadow imps (D:5)
  A white imp (D:5)
  2 ufetubi (D:6)
  6 dart slugs
  3 ribbon worms
  67 orcs
  8 ball pythons
  5 endoplasms
  4 giant cockroaches
  12 goblins
  9 hobgoblins
  6 jackals
  14 kobolds
  4 quokkas
  6 bats
  5 frilled lizards
  8 rats
509 creatures vanquished.

Vanquished Creatures (collateral kills)
  2 orc warlords (Orc:2)
  An ironbound preserver (D:14)
  Harold (D:9)
  An ogre mage (D:15)
  3 hydras
  A catoblepas (Lair:1)
  3 centaur warriors
  5 two-headed ogres
  2 boulder beetles
  5 death yaks (Lair:4)
  A deep troll shaman (Lair:5)
  An orc high priest (Orc:2)
  A tengu warrior (D:15)
  A skyshark (Lair:4)
  A bog body (Lair:2)
  2 deep elf pyromancers
  The ghost of Vendren the Trooper, a novice DsHs of Ashenzari (D:7)
  5 ugly things
  3 manticores
  A cyclops (D:15)
  6 elephants
  2 kobold blastminers (Orc:2)
  4 black mambas
  2 gargoyles
  Jeremiah (Lair:1)
  3 cane toads
  A komodo dragon (Lair:3)
  A tengu conjurer (D:15)
  Psyche (D:8)
  5 polar bears
  Grinder (D:4)
  2 trolls
  8 blink frogs
  A dream sheep (Lair:5)
  2 vampires
  A shadow (D:11)
  3 wraiths
  A wyvern (Lair:1)
  A basilisk (shapeshifter) (D:13)
  20 yaks
  A warg (Orc:2)
  3 basilisks
  A vampire mosquito (D:12)
  5 steam dragons
  An acid dragon (D:10)
  A naga (Lair:2)
  5 water moccasins
  11 orc warriors
  2 ice beasts (D:6)
  2 black bears
  6 wolves
  3 ogres
  3 kobold brigands
  2 bullfrogs
  A gnoll sergeant (D:7)
  2 scorpions
  6 wights
  4 killer bees
  3 howler monkeys
  A crimson imp (D:5)
  A bombardier beetle (D:4)
  A hound (D:5)
  5 orc priests
  An iguana (D:4)
  7 orc wizards
  2 gnolls (D:5)
  An adder (D:5)
  4 river rats
  A shadow imp (D:6)
  A ribbon worm (D:4)
  3 dart slugs
  20 orcs
  An endoplasm (D:4)
  7 kobolds
  2 ball pythons
  3 frilled lizards (Sewer)
  2 goblins (D:3)
  3 rats
  A butterfly (Lair:3)
236 creatures vanquished.

Vanquished Creatures (others)
  A sphinx (D:13)
  2 very ugly thing zombies (Abyss:4)
  A sphinx zombie (D:13)
  6 centaur zombies
  A death yak zombie (Lair:4)
  A tengu conjurer (D:15)
  A hydra zombie (Lair:5)
  A boulder beetle zombie (D:12)
  4 ugly thing zombies (D:15)
  2 black mamba zombies
  A spectral kobold (Orc:2)
  A human zombie (D:15)
  A skyshark zombie (Lair:4)
  3 two-headed ogre zombies
  A cane toad zombie (Lair:2)
  A deep troll zombie (Lair:4)
  2 dream sheep zombies (Lair:5)
  A hornet zombie (D:8)
  3 blink frog zombies
  5 elephant zombies
  A lindwurm zombie (Lair:5)
  2 manticore zombies (D:13)
  A rime drake zombie (Lair:5)
  A komodo dragon zombie (Lair:5)
  A barachi zombie (Lair:1)
  3 warg zombies (Orc:2)
  2 wyvern zombies
  5 water moccasin zombies
  2 troll zombies
  12 yak zombies
  2 tengu zombies (D:15)
  4 polar bear zombies (Lair:5)
  7 wolf zombies
  2 bullfrog zombies
  2 basilisk zombies
  A black bear zombie (Orc:2)
  A scorpion zombie (D:5)
  7 killer bee zombies
  An acid dragon zombie (D:12)
  3 ogre zombies
  4 howler monkey zombies
  3 steam dragon zombies (D:8)
  An iguana zombie (D:5)
  An adder zombie (D:3)
  A bat zombie (D:3)
  3 gnoll zombies
  4 dart slug zombies
  3 goblin zombies (D:3)
  3 hobgoblin zombies
  4 jackal zombies (D:5)
  6 kobold zombies
  81 orc zombies
  A rat zombie (Lair:3)
214 creatures vanquished.

Grand Total: 959 creatures vanquished

Notes
Turn   | Place    | Note
-------+----------+-------------------------------------------
     0 | D:1      | Amplified the Demonspawn Wanderer began the quest for the
                  | Orb.
     0 | D:1      | Amplified set off with the following items: a +0 hand axe,
                  | a potion of heal wounds, a scroll of fear, 9 boomerangs, a
                  | +0 dagger, a potion of invisibility, a +0 leather armour.
     0 | D:1      | Reached XP level 1. HP: 15/15 MP: 1/1
   139 | D:1      | Gained mutation: You may rarely emit foul miasma when
                  | damaged in melee. [demonic ancestry]
   139 | D:1      | Reached XP level 2. HP: 21/21 MP: 2/2
   365 | D:1      | Gained mutation: When seriously injured, your blood forms
                  | armour. (AC +9) [demonic ancestry]
   365 | D:1      | Reached XP level 3. HP: 26/26 MP: 3/3
   779 | D:1      | Identified a scroll of acquirement
   781 | D:1      | Acquired the +0 pair of gloves "Isil Qei" {rCorr Str+2}
  1187 | D:2      | Gained mutation: You have a pair of small antennae on your
                  | head. [demonic ancestry]
  1187 | D:2      | Reached XP level 4. HP: 33/33 MP: 4/4
  1319 | D:2      | Reached skill level 1 in Shields
  1748 | D:2      | Noticed Natasha
  1757 | D:2      | Killed Natasha
  1832 | D:2      | Noticed Natasha
  1940 | D:2      | Killed Natasha
  1941 | D:2      | Gained mutation: You have a pair of antennae on your head.
                  | [demonic ancestry]
  1941 | D:2      | Reached XP level 5. HP: 18/39 MP: 5/5
  2229 | D:3      | Found Xyarr's Jewellery Shop.
  2264 | D:3      | Found a faded altar of an unknown god.
  2292 | D:3      | Prayed at the altar of an unknown god.
  2292 | D:3      | Became a worshipper of Yredelemnul the Fallen
  2292 | D:3      | Reached * piety under Yredelemnul
  2357 | D:3      | Acquired a manual of Ice Magic
  2438 | D:3      | Found an ornate altar of the Wu Jian Council.
  2510 | D:3      | Noticed Robin
  2524 | D:3      | Killed Robin
  2652 | D:3      | Noticed Terence
  2745 | D:4      | Reached skill level 1 in Ice Magic
  2745 | D:4      | Reached skill level 1 in Invocations
  2745 | D:4      | Gained mutation: When seriously injured, your blood forms
                  | thick armour. (AC +9) [demonic ancestry]
  2745 | D:4      | Reached XP level 6. HP: 39/42 MP: 6/6
  2792 | D:4      | Reached skill level 2 in Ice Magic
  2908 | D:4      | Gained mutation: You have a pair of large antennae on your
                  | head. (SInv) [demonic ancestry]
  2908 | D:4      | Reached XP level 7. HP: 41/52 MP: 8/8
  3052 | D:4      | Noticed Grinder
  3075 | D:4      | Killed Grinder
  3076 | D:4      | Reached skill level 5 in Axes
  3076 | D:4      | Reached skill level 3 in Ice Magic
  3358 | D:4      | Gained mutation: You sometimes emit foul miasma when
                  | damaged in melee. [demonic ancestry]
  3358 | D:4      | Reached XP level 8. HP: 59/60 MP: 10/10
  3678 | D:5      | Entered Level 5 of the Dungeon
  3689 | D:5      | Noticed Ijyb
  3750 | D:5      | Killed Ijyb
  4001 | D:5      | Reached skill level 4 in Ice Magic
  4042 | D:5      | Found a bloodstained altar of Trog.
  4281 | D:5      | Noticed Sigmund
  4286 | D:5      | Sigmund changed into Sigmund the hound
  4286 | D:5      | Noticed Sigmund
  4289 | D:5      | Killed Sigmund the hound
  4327 | D:5      | Found a staircase to the Ecumenical Temple.
  5073 | D:6      | Found a glowing drain.
  5079 | Sewer    | Entered a sewer
  5102 | Sewer    | Reached skill level 5 in Ice Magic
  5102 | Sewer    | Reached skill level 5 in Invocations
  5242 | Sewer    | Reached skill level 5 in Fighting
  5294 | Sewer    | Reached XP level 9. HP: 68/68 MP: 12/12
  5771 | D:6      | Reached skill level 5 in Evocations
  5982 | D:6      | Found a broken altar of Ashenzari.
  6175 | D:6      | Reached skill level 6 in Ice Magic
  6351 | D:7      | Found a transporter.
  6360 | D:7      | Noticed a moth of wrath
  6417 | D:7      | Found a transporter.
  6418 | D:7      | Noticed Vendren's ghost (novice DsHs)
  6485 | D:7      | Reached skill level 5 in Shields
  6486 | D:7      | Reached ** piety under Yredelemnul
  6505 | D:7      | Reached skill level 7 in Ice Magic
  6505 | D:7      | Reached XP level 10. HP: 63/76 MP: 15/15
  6603 | D:7      | Found an opulent altar of Gozag.
  6813 | D:7      | Found a bloodstained altar of Trog.
  6875 | D:7      | Found a stormy altar of Qazlal.
  7178 | D:8      | Noticed a two-headed ogre
  7196 | D:8      | Killed a two-headed ogre
  7197 | D:8      | Reached skill level 8 in Ice Magic
  7245 | D:8      | Noticed a red ugly thing
  7245 | D:8      | Noticed a cyclops
  7381 | D:8      | Noticed Psyche
  7389 | D:8      | Killed Psyche
  7445 | D:8      | Killed a red ugly thing
  7445 | D:8      | Reached *** piety under Yredelemnul
  7471 | D:8      | Killed a cyclops
  7472 | D:8      | Reached XP level 11. HP: 65/84 MP: 17/17
  7623 | D:8      | Noticed a two-headed ogre
  7633 | D:8      | Killed a two-headed ogre
  7756 | D:8      | Noticed an angel
  7822 | D:8      | Reached skill level 9 in Ice Magic
  8031 | D:9      | Noticed a two-headed ogre
  8041 | D:9      | Killed a two-headed ogre
  8135 | D:9      | Found a staircase to the Lair.
  8225 | D:9      | Noticed Harold
  8236 | D:9      | Killed Harold
  8345 | D:10     | Entered Level 10 of the Dungeon
  8411 | D:10     | Reached **** piety under Yredelemnul
  8493 | D:10     | Noticed a two-headed ogre
  8503 | D:10     | Killed a two-headed ogre
  8504 | D:10     | Reached skill level 10 in Ice Magic
  8932 | D:11     | Reached skill level 10 in Invocations
  8934 | D:11     | Reached XP level 12. HP: 89/94 MP: 19/19
  8951 | D:11     | Acquired a manual of Ice Magic
  8956 | D:11     | Noticed a two-headed ogre
  8973 | D:11     | Killed a two-headed ogre
  9029 | D:11     | Learned a level 3 spell: Ozocubu's Armour
  9060 | D:11     | Found a staircase to the Orcish Mines.
  9099 | D:11     | Found Ozat's Antique Armour Emporium.
  9108 | D:11     | Bought a pair of glowing boots for 217 gold pieces
  9386 | D:11     | Found a portal to a secret trove of treasure.
  9484 | D:12     | Noticed a boulder beetle
  9502 | D:12     | Killed a boulder beetle
  9651 | D:12     | Reached ***** piety under Yredelemnul
  9679 | D:12     | Reached skill level 11 in Ice Magic
  9889 | D:12     | Acquired the ring of the Vanishing Xalams {rElec rF+}
 10155 | D:13     | Noticed a centaur warrior
 10163 | D:13     | Killed a centaur warrior
 10338 | D:13     | Noticed a six-headed hydra
 10342 | D:13     | Noticed a boulder beetle
 10344 | D:13     | Killed a six-headed hydra
 10361 | D:13     | Killed a boulder beetle
 10731 | D:13     | Noticed a sphinx
 10731 | D:13     | Noticed a yaktaur captain
 10735 | D:13     | Noticed a boulder beetle
 10737 | D:13     | Noticed an ice dragon
 10859 | Orc:1    | Entered Level 1 of the Orcish Mines
 10879 | Orc:1    | Noticed Josephine
 10894 | Orc:1    | Killed Josephine
 10926 | Orc:2    | Entered Level 2 of the Orcish Mines
 10942 | Orc:2    | Noticed an orc warlord
 10964 | Orc:2    | Reached XP level 13. HP: 82/102 MP: 21/21
 10966 | Orc:2    | Reached skill level 10 in Shields
 10982 | Orc:2    | Killed an orc warlord
 11076 | Orc:2    | Found a roughly hewn altar of Beogh.
 11157 | Orc:2    | Found a roughly hewn altar of Beogh.
 11186 | Orc:2    | Reached skill level 12 in Ice Magic
 11461 | Orc:2    | Found a roughly hewn altar of Beogh.
 11474 | Orc:2    | Found Kugyl's Book Emporium.
 11557 | Orc:2    | Found a roughly hewn altar of Beogh.
 11558 | Orc:2    | Found Zibeolui's Jewellery Emporium.
 11834 | Orc:2    | Reached skill level 10 in Fighting
 11900 | Orc:2    | Paralysed by an orc sorcerer for 4 turns
 11937 | Orc:2    | Found a staircase to the Elven Halls.
 11982 | Orc:2    | Reached ****** piety under Yredelemnul
 11991 | Orc:2    | Noticed an orc warlord
 12040 | Orc:2    | Killed an orc warlord
 12265 | Orc:2    | Reached skill level 10 in Axes
 12532 | Orc:2    | Noticed an orc warlord
 12610 | Orc:2    | an orc warlord changed into a death yak
 12737 | Orc:2    | Found Qeuceuta's Antique Weapon Shoppe.
 12738 | Orc:2    | Found a roughly hewn altar of Beogh.
 12739 | Orc:2    | Found Tipilale's Antique Armour Emporium.
 12968 | Orc:1    | Noticed Nergalle
 12982 | Orc:1    | Nergalle changed into Nergalle the water nymph
 12982 | Orc:1    | Noticed Nergalle
 13084 | Lair:1   | Entered Level 1 of the Lair of Beasts
 13104 | Lair:1   | Noticed Jeremiah
 13130 | Lair:1   | Killed Jeremiah
 13232 | Lair:1   | Your ally Jeremiah died
 13375 | Lair:2   | Found a staircase to the Snake Pit.
 13527 | Lair:3   | Reached skill level 13 in Ice Magic
 13729 | Lair:4   | Found a staircase to the Slime Pits.
 13926 | Lair:5   | Entered Level 5 of the Lair of Beasts
 14030 | Lair:4   | Noticed Sonja
 14034 | Lair:4   | Sonja changed into Sonja the deep troll
 14034 | Lair:4   | Noticed Sonja
 14045 | Lair:4   | Killed Sonja the deep troll
 14100 | Lair:4   | Reached XP level 14. HP: 104/111 MP: 23/23
 14167 | Lair:4   | Your ally Sonja died
 15607 | Lair:4   | Reached skill level 14 in Ice Magic
 15845 | Lair:5   | Learned a level 2 spell: Ensorcelled Hibernation
 16480 | Lair:5   | Got an earthy gem with 484 turns to spare
 16870 | Lair:4   | HP: 1/114 [death yak (7)]
 18304 | Lair:2   | Found a staircase to the Swamp.
 18484 | Lair:2   | Reached XP level 15. HP: 74/120 MP: 25/25
 18779 | Lair:1   | Reached skill level 15 in Ice Magic
 19213 | Lair:1   | Noticed Maggie
 19221 | Lair:1   | Killed Maggie
 19662 | D:7      | Killed Vendren's ghost
 20658 | D:13     | Identified the +7 chain mail of Jakataow {Int+2}
 21146 | D:14     | Found a gate to the Vaults.
 21540 | D:15     | Entered Level 15 of the Dungeon
 21584 | D:15     | Found Zemafaax's Jewellery Emporium.
 21591 | D:15     | Bought a +5 ring of evasion for 468 gold pieces
 21954 | D:15     | Found a staircase to the Depths.
 21978 | D:15     | Reached skill level 16 in Ice Magic
 22620 | Abyss:2  | Cast into level 2 of the Abyss (an occultist)
 22682 | Abyss:2  | Found a corrupted altar of Lugonu.
 22740 | Abyss:2  | Noticed a tentacled starspawn
 22747 | Abyss:3  | Identified the +0 scale mail of the Valley {rC+ Str-3
                  | Dex+3}
 22940 | Abyss:4  | Noticed a bone dragon
 22976 | Abyss:4  | Slain by a bone dragon

Illustrated notes

Levels and vault maps discovered:
D:1:      orjb1_clovarrival, layout_basic
D:2:      layout_basic, wad_floor_pattern_untrapped, uniq_natasha
D:3:      layout_loops_cross, mainiacjoe_overflow_brackets,
          basic_ecumenical_altar, serial_shops, shop, uniq_robin, uniq_terence
D:4:      layout_cave_pools, minmay_distorted, uniq_grinder
D:5:      layout_rooms, mainiacjoe_overflow_big_doors, temple_green,
          minmay_fire_ice_demons, uniq_ijyb, uniq_sigmund
D:6:      layout_basic, mainiacjoe_overflow_surrounded_room,
          mainiacjoe_sewer_entry_somewhere_in_here_2
D:7:      layout_rooms, mainiacjoe_overflow_tiny_flanked, kennysheep_little_box,
          gammafunk_ghost_wrathful_warriors
D:8:      layout_loops_cross, zin_angel, minmay_shattered_shrine, uniq_psyche
D:9:      layout_rooms, grunt_lair_entry_orc_guard_hut, uniq_harold
D:10:     layout_big_octagon
D:11:     layout_rooms, david_orc_2, enter_trove_3, serial_shops, shop
D:12:     layout_basic
D:13:     minmay_outward_triangles, layout_stronghold
D:14:     layout_basic, skrybe_vaults_entry_preservation,
          hangedman_decor_peaks_small
D:15:     hangedman_depths_entry_civil_slaughter, layout_gridville,
          serial_shops, nicolae_shop_waterfront, bh_walls_and_bars
Lair:1:   layout_loops_ring, grunt_megastairs_4, lemuel_fruit_tree,
          serial_bayou_shore_a, uniq_maggie, uniq_jeremiah
Lair:2:   layout_concentric_octagons, nicolae_swamp_entry_splash_gauntlet,
          guppyfry_snake_entry_island
Lair:3:   layout_cave_pods, kennysheep_abandoned_house, lemuel_fruit_fields
Lair:4:   layout_layer_cave, minmay_slime_entry_eyes, serial_bayou_pond_c,
          cheibrodos_lair_lostbears, uniq_sonja
Lair:5:   grunt_lair_end_beastmaster, layout_cave_shapes
Orc:1:    layout_diamond_mine, serial_shops, nicolae_shop_hallway_plus,
          uniq_josephine, uniq_nergalle
Orc:2:    grunt_orc_community_town_hall, layout_diamond_mine,
          grunt_orc_community_big_house_2, grunt_orc_community_big_house_1,
          grunt_orc_community_house_1, grunt_orc_community_house_1,
          grunt_orc_community_house_3, grunt_orc_community_house_2,
          minmay_orc_barracks
Abyss:4:  base: Lair:4, evilmike_abyss_exit_13, evilmike_abyss_exit_glass

Skill      XL: |  1  2  3  4  5  6  7  8  9 10 11 12 13 14 15 |
---------------+----------------------------------------------+-----
Axes           | 4 5 6 7 8 9 10 11 12 | 12.5
Fighting       | 2 3 4 5 6 7 8 9 10 12 13 | 13.0
Shields        | 1 2 3 4 5 6 7 9 11 13 14 | 14.4
Evocations     | 2 3 4 6 7 8 |  8.0
Ice Magic      | 1 2 3 5 7 8 10 11 13 14 16 | 16.2
Invocations    | 1 2 3 5 6 8 10 11 13 14 | 14.7
Armour         | 4 |  4.6
Throwing       | |  1.3
Unarmed Combat | |  1.7

Action                     |  1- 3 |  4- 6 |  7- 9 | 10-12 | 13-15 || total
---------------------------+-------+-------+-------+-------+-------++-------
  Melee: Hand axe          |    89 |   170 |   238 |   557 |  1103 ||  2157
         War axe           |       |       |   227 |       |   454 ||   681
         Unarmed           |       |       |    22 |       |       ||    22
         Broad axe         |       |       |       |       |   117 ||   117
  Throw: Boomerang         |       |     4 |       |       |     7 ||    11
         Throwing net      |       |       |       |     2 |     7 ||     9
         Dart              |       |       |       |       |     3 ||     3
   Cast: Ozocubu's Armour  |       |       |       |       |    14 ||    14
         Ensorcelled Hiber |       |       |       |       |     2 ||     2
 Invoke: Light the Black T |       |       |     3 |     8 |     5 ||    16
         Fathomless Shackl |       |       |       |       |     3 ||     3
         Bind Soul         |       |       |       |       |     2 ||     2
         Recall Undead Har |       |       |       |       |     1 ||     1
  Evoke: Wand              |       |       |    13 |    26 |    29 ||    68
         Lightning rod     |       |       |       |       |     3 ||     3
    Use: Scroll            |     4 |     5 |     9 |    11 |    22 ||    51
         Potion            |     1 |     3 |     3 |    13 |    10 ||    30
   Stab: Invisible         |     1 |       |       |       |     1 ||     2
         Distracted        |       |     1 |     3 |     8 |    22 ||    34
         Sleeping          |       |       |     3 |     1 |     1 ||     5
         Held in net/web   |       |       |       |     1 |     3 ||     4
         Petrified         |       |       |       |       |    13 ||    13
         Petrifying        |       |       |       |       |     1 ||     1
 Armour: Leather armour    |    60 |   120 |   302 |   429 |  1036 ||  1947
         Skin              |       |       |     6 |    94 |    10 ||   110
         Plate armour      |       |       |       |       |   409 ||   409
  Dodge: Dodged            |    43 |    61 |   245 |   239 |   651 ||  1239
  Block: Kite shield       |    21 |    74 |       |       |   103 ||   198
         Buckler           |       |       |   184 |   242 |   693 ||  1119

Table legend: (Time is in decaauts)
 A = Elapsed time spent in this place.
 B = Non-inter-level travel time spent in this place.
 C = Inter-level travel time spent in this place.
 D = Time resting spent in this place.
 E = Time spent auto-exploring this place.
 F = Levels seen in this place.
 G = Mean time per level.
                   A        B        C        D        E       F      G
               +--------+--------+--------+--------+--------+-----+--------+
         Total |  23012 |  21710 |   1302 |    580 |  13112 |  26 |  885.1 |
       Dungeon |  13532 |  12667 |    865 |    142 |   9205 |  15 |  902.1 |
          Lair |   6360 |   6041 |    319 |    377 |   2863 |   5 | 1272.0 |
  Orcish Mines |   2103 |   1986 |    117 |     46 |    814 |   2 | 1051.5 |
         Abyss |    359 |    359 |      0 |     15 |     10 |   3 |  119.7 |
         Sewer |    655 |    655 |      0 |      0 |    220 |   1 |  655.0 |
               +--------+--------+--------+--------+--------+-----+--------+

Top non-repeatable levels by time:
  Lair:4: 2283 daAuts
   Orc:2: 1900 daAuts
    D:13: 1220 daAuts
     D:5: 1173 daAuts
  Lair:5: 1126 daAuts
     D:6: 1086 daAuts
     D:2: 1084 daAuts
    D:15: 1077 daAuts
     D:8: 1075 daAuts
  Lair:1: 1073 daAuts
     D:4: 1035 daAuts
  Lair:3: 991 daAuts
     D:1: 986 daAuts
     D:3: 966 daAuts
  Lair:2: 886 daAuts
